 Dungeon Crawl Stone Soup version 0.23.0-28-g6fe0f4d (webtiles) character file.

Game seed: 0

3288 Fang the Fighter (level 10, 0/64 HPs)
             Began as a Gargoyle Berserker on Feb 25, 2019.
             Was a High Priest of Trog.
             Slain by a killer bee (5 damage)
             ... on level 8 of the Dungeon.
             The game lasted 00:07:48 (6453 turns).

Fang the Fighter (Gargoyle Berserker)               Turns: 6453, Time: 00:07:48

Health: 0/64       AC: 20    Str: 25    XL:     10   Next: 1%
Magic:  10/10      EV:  9    Int:  7    God:    Trog [*****.]
Gold:   341        SH:  4    Dex:  9    Spells: 9/9 levels left

rFire    . . .     SeeInvis .   q - +0 war axe
rCold    . . .     Gourm    .   (no shield)
rNeg     + . .     Faith    .   u - +0 plate armour
rPois    ∞         Spirit   .   (no helmet)
rElec    +         Reflect  +   (no cloak)
rCorr    .         Harm     .   (no gloves)
MR       .....                  (no boots)
Stlth    ..........             m - +4 amulet of reflection
HPRegen  0.20/turn              o - ring of attention (curse)
MPRegen  0.12/turn              (no ring)

@: berserk cooldown, hasted and slowed
A: negative energy resistance 1, electricity resistance, unbreathing,
petrification resistance, rot immunity, AC +7
a: Berserk, Trog's Hand, Brothers in Arms, Renounce Religion


You were on level 8 of the Dungeon.
You worshipped Trog.
Trog was extremely pleased with you.
You were near starving.

You visited 2 branches of the dungeon, and saw 9 of its levels.

You collected 341 gold pieces.

Inventory:

Hand Weapons
 q - a +0 war axe (weapon)
Armour
 r - a +0 scale mail
 u - a +0 plate armour (worn)
Jewellery
 l - a +3 ring of evasion {unknown}
 m - a +4 amulet of reflection (around neck)
 o - a cursed ring of attention (left hand)
Wands
 k - a wand of disintegration (34)
 x - a wand of iceblast (8)
Scrolls
 b - a scroll of fog {unknown}
 e - 2 scrolls of amnesia {unknown}
 f - 6 scrolls of magic mapping {unknown}
 g - 9 scrolls of identify {unknown}
 i - 3 scrolls of teleportation {unknown}
 j - 2 scrolls of random uselessness {unknown}
 n - a scroll of fear {unknown}
 p - 2 scrolls of enchant armour {unknown}
 s - 2 scrolls of remove curse {unknown}
 t - a scroll of immolation {unknown}
 w - a scroll of brand weapon {unknown}
 y - a scroll of enchant weapon {unknown}
Potions
 a - 2 potions of curing {unknown}
 d - a potion of lignification {unknown}
 h - 2 potions of haste
 v - a potion of brilliance {unknown}
 z - a potion of flight {unknown}
Comestibles
 c - 12 rations


   Skills:
 + Level 8.2 Fighting
 + Level 6.8 Axes
 + Level 7.8 Armour
 + Level 5.9 Dodging


You had 9 spell levels left.
You didn't know any spells.
Your spell library was empty.

Dungeon Overview and Level Annotations

Branches:
Dungeon (8/15)             Temple (1/1) D:6            Lair (0/6) D:8

Altars:
Fedhas
Kikubaaqudgha
Makhleb
Nemelex Xobeh
Ru
Trog
Uskayaw


Innate Abilities, Weirdness & Mutations

You are resistant to torment.
Your stone body is resilient. (AC +7)
You are immune to poison.
You resist negative energy. (rN+)
You are resistant to electric shocks. (rElec)
You can survive without breathing.
You are immune to petrification.
You are immune to rotting.


Message History

You miss the killer bee.
The killer bee is severely wounded.
You slash the killer bee! You hit the killer bee.
You kill the killer bee!
Trog accepts your kill. The killer bee barely misses you.
The killer bee stings you but does no damage. x2
The killer bee stings you.
* * * LOW HITPOINT WARNING * * *
You slash the killer bee!
You kill the killer bee!
Trog accepts your kill.
You have reached level 10!
You closely miss the killer bee. You miss the adder. You hit the killer bee.
The killer bee barely misses you. The killer bee misses you.
The adder closely misses you.
The killer bee stings you but does no damage.
The killer bee barely misses you. The killer bee stings you.
You die...

#.# #.. #.# #. ..# #.# #.
#.##. ### ###.### #. ##...
#.....# #. #...###
###.....## #. #†††..####
#........# #. #†z.......
###.#).....#
#.#####y########
...........####.#ySys......#
###..##.##......@.yy..####.#
.##..##.##..###..y###.#
..#..##.##..###...###.#
#....##...............#
..#..#####..###...###.#
.#...# #..####..##...#
#.#.## #..#............
....# #..#.######......
....######..#.# ##.....#


You could see 6 killer bees, an adder and a giant cockroach.

Vanquished Creatures
  A queen bee (D:8)
  An ice beast (D:6)
  An orc warrior (D:7)
  3 sky beasts
  2 phantoms
  A centaur (D:8)
  5 ogres
  A bullfrog (D:7)
  A gnoll sergeant (D:7)
  A scorpion (D:7)
  14 killer bees
  7 crimson imps
  3 howler monkeys (D:7)
  2 hounds
  A bullfrog skeleton (D:4)
  A centaur skeleton (D:7)
  An orc priest (D:8)
  6 orc wizards
  An iguana (D:6)
  Jessica (D:6)
  5 worker ants
  9 gnolls
  10 adders
  An adder skeleton (D:4)
  2 worms
  2 dart slugs (D:3)
  6 leopard geckos
  27 orcs
  3 ball pythons
  8 giant cockroaches
  8 goblins
  8 hobgoblins
  4 kobolds
  4 quokkas
  12 bats
  6 frilled lizards
  2 jackal skeletons
  A jackal zombie (D:7)
  A leopard gecko skeleton (D:5)
  A leopard gecko zombie (D:8)
  8 rats
182 creatures vanquished.

Notes
Turn   | Place    | Note
-------+----------+-------------------------------------------
     0 | D:1      | Fang the Gargoyle Berserker began the quest for the Orb.
     0 | D:1      | Reached XP level 1. HP: 14/14 MP: 1/1
   265 | D:1      | Reached XP level 2. HP: 19/19 MP: 2/2
   908 | D:2      | Noticed an ogre
   916 | D:2      | Killed an ogre
   916 | D:2      | Reached skill level 4 in Fighting
   916 | D:2      | Reached XP level 3. HP: 24/24 MP: 3/3
   916 | D:2      | Reached XP level 4. HP: 29/29 MP: 4/4
   985 | D:2      | Found a sacrificial altar of Ru.
  1054 | D:2      | Reached XP level 5. HP: 25/33 MP: 5/5
  1095 | D:2      | Reached ** piety under Trog
  2418 | D:4      | Reached *** piety under Trog
  2471 | D:4      | Reached XP level 6. HP: 31/39 MP: 6/6
  2964 | D:5      | Entered Level 5 of the Dungeon
  2989 | D:5      | Reached skill level 5 in Fighting
  3034 | D:5      | Reached XP level 7. HP: 21/44 MP: 7/7
  3301 | D:5      | Found a bloodstained altar of Trog.
  3350 | D:5      | Reached **** piety under Trog
  3388 | D:5      | Reached skill level 5 in Armour
  3642 | D:5      | Found a blossoming altar of Fedhas.
  3719 | D:5      | Reached XP level 8. HP: 40/51 MP: 8/8
  4171 | D:5      | Reached skill level 6 in Fighting
  4344 | D:6      | Reached skill level 5 in Axes
  4349 | D:6      | Found a hide-covered altar of Uskayaw.
  4603 | D:6      | Found a staircase to the Ecumenical Temple.
  4658 | Temple   | Entered the Ecumenical Temple
  4717 | D:6      | Found a sparkling altar of Nemelex Xobeh.
  4717 | D:6      | Noticed Jessica
  4723 | D:6      | Killed Jessica
  5269 | D:7      | Reached XP level 9. HP: 44/56 MP: 9/9
  5282 | D:7      | Reached skill level 7 in Fighting
  5354 | D:7      | Reached skill level 5 in Dodging
  5855 | D:7      | Found an ancient bone altar of Kikubaaqudgha.
  6092 | D:8      | Reached ***** piety under Trog
  6177 | D:8      | Found a staircase to the Lair.
  6423 | D:8      | Noticed a queen bee
  6436 | D:8      | Killed a queen bee
  6436 | D:8      | Reached skill level 8 in Fighting
  6452 | D:8      | Reached XP level 10. HP: 4/64 MP: 10/10
  6453 | D:8      | Slain by a killer bee

Skill      XL: |  1  2  3  4  5  6  7  8  9 |
---------------+----------------------------+-----
Fighting       | 4 5 6 8 |  8.2
Axes           | 3 4 5 6 |  6.8
Armour         | 3 4 5 6 7 |  7.8
Dodging        | 2 3 4 5 |  5.9

Action                   |  1- 3 |  4- 6 |  7- 9 | 10-12 || total
-------------------------+-------+-------+-------+-------++-------
Melee: Hand axe          |    45 |   228 |       |       ||   273
       War axe           |       |    77 |   465 |       ||   542
Invok: Berserk           |     1 |     3 |     4 |       ||     8
  Use: Potion            |       |       |     1 |       ||     1
 Stab: Sleeping          |     1 |     3 |       |       ||     4
  Eat: Chunk             |       |    11 |    11 |       ||    22
       Ration            |       |       |     1 |       ||     1
Armor: Animal skin       |    16 |    84 |       |       ||   100
       Scale mail        |       |    43 |   152 |       ||   195
       Plate armour      |       |       |   227 |     1 ||   228
Dodge: Dodged            |    32 |   218 |   292 |     4 ||   546
Block: Other             |       |    22 |    90 |       ||   112
       Reflection        |       |       |     1 |       ||     1
